 Dungeon Crawl Stone Soup version 0.31-a0-1074-g0b22e4e0f1 (webtiles) character file.

Game seed: 1184907065774570525

2216 BigPumpCobain the Grappler (level 9, 0/88 HPs)
             Began as a Troll Berserker on Dec 4, 2023.
             Was an Elder of Trog.
             Succumbed to CowFu's ghost's poison
             ... on level 6 of the Dungeon.
             The game lasted 00:08:31 (5324 turns).

BigPumpCobain the Grappler (Troll Berserker)        Turns: 5324, Time: 00:08:31

Health: 0/88       AC: 15    Str: 31    XL:     9   Next: 13%
Magic:  8/8        EV:  9    Int:  3    God:    Trog [****..]
Gold:   235        SH:  0    Dex:  9    Spells: 8/8 levels left

rFire   . .          .
                       - Unarmed
rCold   . . .        (no shield)
rNeg    + . .        o - +0 pearl dragon scales
rPois   .            n - +0 hat
rElec   .            m - +2 cloak
rCorr   .            (gloves unavailable)
SInv    .            (boots unavailable)
Will    .....        (no amulet) Stlth
                     (no ring)
HPRegen 1.14/turn    (no ring)
MPRegen 0.11/turn

%: no passive effects
@: lethally poisoned (0 -> -5), studying Unarmed Combat
A: large, unfitting armour, claws 3, regeneration 1, shaggy fur 1, tough skin 1
a: Renounce Religion, Berserk, Trog's Hand, Brothers in Arms


You were on level 6 of the Dungeon.
You worshipped Trog.
Trog was greatly pleased with you.
You visited 1 branch of the dungeon, and saw 6 of its levels.

You collected 235 gold pieces.

Inventory:

Hand Weapons
 k - a +2 heavy flail
Missiles
 s - 3 throwing nets
Armour
 a - a +0 animal skin
 m - a +2 cloak (worn)
 n - a +0 hat (worn)
 o - +0 pearl dragon scales (worn)
Jewellery
 y - a ring of willpower
Wands
 u - a wand of flame (18)
 x - a wand of paralysis (6)
 z - a wand of light (21)
Scrolls
 d - a scroll of teleportation
 e - a scroll of revelation
 g - 2 scrolls of identify
 l - 2 scrolls of blinking
 q - a scroll of amnesia
 t - 2 scrolls of immolation {unknown}
 v - 2 scrolls of enchant weapon {unknown}
 w - a scroll of silence {unknown}
Potions
 b - 3 potions of enlightenment
 c - 2 potions of resistance
 h - 2 potions of invisibility {unknown}
 i - a potion of mutation {unknown}
 j - 2 potions of lignification {unknown}
 p - a potion of degeneration {unknown}
 r - a potion of brilliance {unknown}
 A - 2 potions of ambrosia {unknown}
 B - a potion of heal wounds {unknown}
 C - a potion of haste {unknown}


   Skills:
 + Level 5.6 Fighting
 + Level 5.5 Dodging
 * Level 10.8 Unarmed Combat


You had 8 spell levels left.
You didn't know any spells.
Your spell library was empty.

Dungeon Overview and Level Annotations

Branches:
Dungeon (6/15)             Temple (0/1) D:5

Altars:
Hepliaklqana


Innate Abilities, Weirdness & Mutations

You are too large for most types of armour.
You have claws for hands.
Your natural rate of healing is unusually fast.
You are covered in fur. (AC +1)
You have tough skin. (AC +1)


Message History

You scratch CowFu's ghost but do no damage.
CowFu's ghost is severely damaged.
You feel very sick.
CowFu's ghost hits you but does no damage.
You are more poisoned.
You scratch CowFu's ghost but do no damage.
CowFu's ghost is severely damaged.
You feel very sick. CowFu's ghost hits you.
* * * LOW HITPOINT WARNING * * *
You are lethally poisoned!
You barely miss CowFu's ghost.
CowFu's ghost is severely damaged.
* * * LOW HITPOINT WARNING * * *
You feel very sick. CowFu's ghost hits you.
* * * LOW HITPOINT WARNING * * *
You mangle CowFu's ghost!!
You destroy CowFu's ghost!
Trog accepts your kill.
* * * LOW HITPOINT WARNING * * *
You feel very sick.
You have reached level 9!
Your experience leads to an increase in your attributes!
Increase (S)trength, (I)ntelligence, or (D)exterity?
You feel stronger. x3
It was a potion of enlightenment.
You feel very buoyant.
You fly up into the air.
* * * LOW HITPOINT WARNING * * *
You feel very sick.
It was a potion of resistance.
You feel protected.
* * * LOW HITPOINT WARNING * * *
You feel very sick.
It was a potion of cancellation.
Your magical effects are unravelling.
You feel magically purged.
You float gracefully downwards.
Your resistance to elements expires.
Your enlightenment fades.
You die...

.+.........'.....................
##.........####.<..#########....#
##.......## ##.#.# ##.#.##
##.....## ###.# #..### ##...##
#.# #.## ##'## #.# #.# #.#
#########.# #.##### #.#
#?....#...# #......
##.###?~~~~'@..# #####..####
#####...##.....#...# #.........#
.........#######...# #.###..##.#
#.###...## ##### #.# #..##.. #.#
##.## #.# #..##.. #.# #.# #.#
#...... #.# #.# #.# ##..... ..#
#.# #.#######.# ### #.#
#.........#


There were no monsters in sight!

Vanquished Creatures
  The ghost of CowFu the Changeling, a novice DrSh of Gozag (D:6)
  A water moccasin (D:5)
  2 black bears
  An orc warrior (D:6)
  2 centaurs
  3 ogres
  5 scorpions
  A jelly (D:5)
  2 orc priests
  3 hounds
  A gnoll bouda (D:6)
  2 iguanas
  4 orc wizards
  11 gnolls
  7 adders
  2 adder skeletons (D:2)
  A worm (D:3)
  A dart slug (D:1)
  27 orcs
  7 endoplasms
  3 giant cockroaches
  10 goblins
  16 hobgoblins
  10 kobolds
  2 quokkas (D:1)
  6 ball pythons
  3 bats
  3 frilled lizards
  8 rats
145 creatures vanquished.

Notes
Turn   | Place    | Note
-------+----------+-------------------------------------------
     0 | D:1      | BigPumpCobain the Troll Berserker began the quest for the
                  | Orb.
     0 | D:1      | Reached XP level 1. HP: 22/22 MP: 0/0
   212 | D:1      | Reached XP level 2. HP: 29/29 MP: 1/1
   657 | D:2      | Found a hazy altar of Hepliaklqana.
   703 | D:2      | Reached XP level 3. HP: 36/36 MP: 2/2
   921 | D:2      | Reached ** piety under Trog
  1015 | D:2      | Reached skill level 4 in Unarmed Combat
  1777 | D:3      | Reached XP level 4. HP: 44/44 MP: 3/3
  1944 | D:3      | You fall into a shaft and drop 2 floors!
  1944 | D:5      | Entered Level 5 of the Dungeon
  2026 | D:5      | Noticed a water moccasin
  2040 | D:5      | Killed a water moccasin
  2041 | D:5      | Reached XP level 5. HP: 6/53 MP: 4/4
  2193 | D:5      | Noticed a black bear
  2200 | D:5      | Killed a black bear
  2201 | D:5      | Reached skill level 5 in Unarmed Combat
  2201 | D:5      | Reached XP level 6. HP: 61/61 MP: 5/5
  2584 | D:5      | Reached skill level 6 in Unarmed Combat
  2584 | D:5      | Reached XP level 7. HP: 63/68 MP: 6/6
  2635 | D:5      | Found a staircase to the Ecumenical Temple.
  2748 | D:4      | Reached *** piety under Trog
  3072 | D:4      | Reached skill level 7 in Unarmed Combat
  3159 | D:4      | Identified a scroll of acquirement
  3160 | D:4      | Acquired a manual of Unarmed Combat
  3258 | D:4      | Reached XP level 8. HP: 73/79 MP: 7/7
  4128 | D:3      | Identified the +5 ring mail of the Artisans {rC+++ Will-
                  | Regen+ Int-5}
  4359 | D:6      | Reached **** piety under Trog
  4360 | D:6      | Reached skill level 8 in Unarmed Combat
  4538 | D:6      | Reached skill level 5 in Fighting
  4574 | D:6      | Reached skill level 5 in Dodging
  4574 | D:6      | Reached skill level 9 in Unarmed Combat
  5045 | D:6      | Found a runed translucent door.
  5047 | D:6      | Noticed CowFu's ghost (novice DrSh)
  5139 | D:6      | Reached skill level 10 in Unarmed Combat
  5321 | D:6      | Killed CowFu's ghost
  5322 | D:6      | Reached XP level 9. HP: 7/88 MP: 8/8
  5322 | D:6      | HP: 3/88 [poisoned by CowFu's ghost]
  5323 | D:6      | HP: 1/88 [poisoned by CowFu's ghost]
  5324 | D:6      | Succumbed to CowFu's ghost's poison

Illustrated notes

Levels and vault maps discovered:
D:1:      dpeg_arrival_boxorama, layout_basic, serial_bayou_ford_a,
          chequers_serial_rivers_room_a
D:2:      layout_basic, serial_undead, serial_undead_d, serial_undead_b,
          serial_undead_a, serial_undead_d, basic_altar
D:3:      layout_basic, kennysheep_minor_cross, minmay_goblin_outpost
D:4:      layout_gridville, hangedman_abyss_or_decor_jellyfish_corner
D:5:      layout_loops_ring, minmay_temple_entry_fiery, minmay_hedge_maze
D:6:      layout_loops_corners, ebering_ghost_reflecting_pool, water_maze_lemuel

Skill      XL: |  1  2  3  4  5  6  7  8 |
---------------+-------------------------+-----
Unarmed Combat | 4 5 6 7 10 | 10.8
Fighting       | 3 4 5 |  5.6
Dodging        | 3 4 5 |  5.5

Action                     |  1- 3 |  4- 6 |  7- 9 || total
---------------------------+-------+-------+-------++-------
  Melee: Unarmed           |   103 |    75 |   217 ||   395
         Punch             |     4 |     1 |     9 ||    14
 Invoke: Berserk           |       |     1 |       ||     1
    Use: Scroll            |       |       |     6 ||     6
         Potion            |       |       |     3 ||     3
 Armour: Animal skin       |    55 |    51 |       ||   106
         Skin              |       |     3 |       ||     3
         Pearl dragon scal |       |     2 |   169 ||   171
  Dodge: Dodged            |    43 |    32 |    98 ||   173

Table legend: (Time is in decaauts)
 A = Elapsed time spent in this place.
 B = Non-inter-level travel time spent in this place.
 C = Inter-level travel time spent in this place.
 D = Time resting spent in this place.
 E = Time spent auto-exploring this place.
 F = Levels seen in this place.
 G = Mean time per level.
                   A        B        C        D        E       F      G
               +--------+--------+--------+--------+--------+-----+--------+
         Total |   5289 |   4983 |    306 |     49 |   4105 |   6 |  881.5 |
       Dungeon |   5289 |   4983 |    306 |     49 |   4105 |   6 |  881.5 |
               +--------+--------+--------+--------+--------+-----+--------+

Top non-repeatable levels by time:
     D:2: 1044 daAuts
     D:6: 967 daAuts
     D:3: 943 daAuts
     D:4: 905 daAuts
     D:5: 775 daAuts
     D:1: 653 daAuts
